[Event "Charlotte Spring IM-C 2024"]
[Site "Charlotte"]
[Date "2024.03.28"]
[Round "1.1"]
[White "Kunka, Harshid"]
[Black "Eckert, Doug"]
[Result "1-0"]
[ECO "C78"]
[WhiteElo "2294"]
[BlackElo "2146"]
[Annotator "RC"]
[PlyCount "115"]
[EventDate "2024.03.27"]
[EventType "tourn"]
[EventCountry "USA"]
[SourceTitle "playchess.com"]
[Source "ChessBase"]
[SourceQuality "1"]
[TimeControl "5400+30"]

1. e4 e5 2. Nf3 Nc6 3. Bb5 a6 4. Ba4 Nf6 5. O-O Bc5 6. c3 b5 7. Bc2 d5 8. exd5 Qxd5 9. d4 exd4 10. Re1+ Be6 11. Bb3 Qd6 12. Ng5 O-O-O 13. Bxe6+ fxe6 14. Nf7 Qe7 15. Nxd8 Rxd8 16. Qf3 Nd5 17. Qg4 Rf8 18. Bg5 Qd7 19. c4 bxc4 20. Nd2 d3 21. Qxc4 Bxf2+ 22. Kh1 Bxe1 23. Rxe1 Nb8 24. Qxd3 h6 25. Be3 Qb5 26. Qe4 Qc6 27. Nf3 Nxe3 28. Qxe3 Qb6 29. Qe5 Rf6 30. Rc1 Nd7 31. Qe4 Qb7 32. Qd4 Qb6 33. Qa4 Nb8 34. Qe8+ Kb7 35. Rc3 Rf5 36. Qg6 Rb5 37. Qxg7 Nc6 38. b3 Qf2 39. Qd7 Rc5 40. Rxc5 Qxc5 41. Qxe6 Qc1+ 42. Qe1 Qb2 43. Qd2 Qa1+ 44. Ng1 h5 45. h3 h4 46. Qf2 Qh8 47. Nf3 Qa1+ 48. Kh2 Nb4 49. Qxh4 Nxa2 50. Qe4+ Kb6 51. h4 Qc1 52. h5 a5 53. Qe6+ c6 54. Qf6 Nb4 55. h6 Qc2 56. Qd4+ Kb7 57. Qg7+ Kb6 58. h7 1-0

[Event "Charlotte Spring IM-C 2024"]
[Site "Charlotte"]
[Date "2024.03.28"]
[Round "1.2"]
[White "Nguyen, James Le"]
[Black "Horobetz, Graham"]
[Result "0-1"]
[ECO "B51"]
[WhiteElo "2114"]
[BlackElo "2252"]
[Annotator "RC"]
[PlyCount "161"]
[EventDate "2024.03.27"]
[EventType "tourn"]
[EventCountry "USA"]
[SourceTitle "playchess.com"]
[Source "ChessBase"]
[SourceQuality "1"]
[TimeControl "5400+30"]

1. e4 c5 2. Nf3 d6 3. Bb5+ Nd7 4. a4 Ngf6 5. Nc3 g6 6. O-O a6 7. Be2 Bg7 8. a5 b5 9. axb6 Bb7 10. d3 O-O 11. Qd2 Nxb6 12. Qg5 e5 13. Qh4 Ne8 14. Bg5 f6 15. Be3 Nc7 16. Nd2 Ne6 17. Nc4 Nd4 18. Bd1 Qc7 19. Nxb6 Qxb6 20. Na4 Qc6 21. f3 Ne6 22. c3 Nc7 23. b4 cxb4 24. Bb3+ Kh8 25. cxb4 Qe8 26. Nb6 Rb8 27. Rfc1 Nb5 28. Bd5 Qe7 29. Rc4 Nc7 30. Rac1 Nxd5 31. Nxd5 Bxd5 32. Rc7 Qe8 33. exd5 g5 34. Qc4 Qg6 35. Qxa6 g4 36. fxg4 Rxb4 37. h3 Rbb8 38. Rc8 Rbxc8 39. Rxc8 Qf7 40. Qa8 Qg8 41. Rxf8 Bxf8 42. Qd8 Qg7 43. Bb6 Qe7 44. Kf2 Qf7 45. Ke2 Kg7 46. Qa8 Kg6 47. Be3 Bh6 48. Bxh6 Kxh6 49. Qc6 Qe7 50. Kf3 Qd8 51. g3 Qb8 52. Qc1+ Kg6 53. h4 Qb3 54. h5+ Kg7 55. Qc7+ Kg8 56. Qd8+ Kg7 57. Qe7+ Kg8 58. Ke4 f5+ 59. gxf5 Qa4+ 60. Ke3 Qd4+ 61. Ke2 Qg4+ 62. Kf2 Qd4+ 63. Kg2 Qxd5+ 64. Kh2 Qxd3 65. Qe8+ Kg7 66. h6+ Kf6 67. Qf8+ Kg5 68. Qg7+ Kh5 69. Qf7+ Kg4 70. Qg7+ Kf3 71. Qb7+ d5 72. Qb2 Qxf5 73. Qg2+ Kg4 74. Qe2+ Qf3 75. Qxe5 Qf2+ 76. Kh1 Qf1+ 77. Kh2 Qh3+ 78. Kg1 Qxg3+ 79. Qxg3+ Kxg3 80. Kf1 Kf3 81. Ke1 0-1

[Event "Charlotte Spring IM-C 2024"]
[Site "Charlotte"]
[Date "2024.03.28"]
[Round "1.3"]
[White "Wu, Sibo"]
[Black "Mendez Tovar, Yessica Yissel"]
[Result "1/2-1/2"]
[ECO "D02"]
[WhiteElo "2142"]
[BlackElo "1993"]
[Annotator "RC"]
[PlyCount "60"]
[EventDate "2024.03.27"]
[EventType "tourn"]
[EventCountry "USA"]
[SourceTitle "playchess.com"]
[Source "ChessBase"]
[SourceQuality "1"]
[TimeControl "5400+30"]

1. d4 d5 2. Bf4 c5 3. e3 Nc6 4. Nf3 Nf6 5. Nbd2 cxd4 6. exd4 Bf5 7. c3 e6 8. Qb3 Bd6 9. Bxd6 Qxd6 10. Bb5 O-O 11. O-O h6 12. Rfe1 Ne4 13. Nxe4 Bxe4 14. Nd2 Bh7 15. Bxc6 bxc6 16. Qa4 c5 17. dxc5 Qxc5 18. Nb3 Qb6 19. Qd4 Qb5 20. Re3 Rfc8 21. Rg3 Bg6 22. Re1 Rc4 23. Qd2 Rb8 24. Re2 Rbc8 25. h3 Qa6 26. a3 Kh7 27. Re1 Qd6 28. Nd4 e5 29. Nf3 Be4 30. Nh2 f5 1/2-1/2

[Event "Charlotte Spring IM-C 2024"]
[Site "Charlotte"]
[Date "2024.03.28"]
[Round "1.4"]
[White "Melillo, Lucius"]
[Black "Fierro Baquero, Martha L."]
[Result "1-0"]
[ECO "B06"]
[WhiteElo "2274"]
[BlackElo "2283"]
[Annotator "RC"]
[PlyCount "159"]
[EventDate "2024.03.27"]
[EventType "tourn"]
[EventCountry "USA"]
[SourceTitle "playchess.com"]
[Source "ChessBase"]
[SourceQuality "1"]
[TimeControl "5400+30"]

1. d4 g6 2. e4 Bg7 3. Nc3 c6 4. Bc4 d5 5. exd5 b5 6. Be2 b4 7. Na4 cxd5 8. a3 bxa3 9. Rxa3 Nf6 10. Nf3 O-O 11. O-O Bg4 12. Re1 e6 13. Bf4 Nc6 14. c3 Ne4 15. Nd2 Bxe2 16. Qxe2 Nxd2 17. Qxd2 Re8 18. Nc5 e5 19. dxe5 Nxe5 20. Bxe5 Bxe5 21. Nd3 Bd6 22. Ra4 Qd7 23. Rd4 Qf5 24. g3 Re6 25. Nf4 Bxf4 26. Rxf4 Rxe1+ 27. Qxe1 Qe6 28. Qd2 Rc8 29. Rd4 Rc5 30. b4 Rb5 31. Kg2 Qc6 32. Kg1 a5 33. Rh4 axb4 34. cxb4 h5 35. Qg5 Qc2 36. Kg2 Qc6 37. Kg1 Qc2 38. Qe7 Qc1+ 39. Kg2 Qc6 40. Rd4 Qe6 41. Qc7 Qb6 42. Qc8+ Kg7 43. Qc3 Qf6 44. h4 Rb6 45. Qd3 Rb7 46. Qd2 Qe5 47. Kf1 Ra7 48. b5 Ra2 49. Qxa2 Qxd4 50. Qb3 Qe4 51. b6 d4 52. f3 Qb7 53. Ke2 Kh7 54. Qb4 Qa6+ 55. Kd2 Qa2+ 56. Kd3 Qf2 57. Qxd4 Qxf3+ 58. Qe3 Qd1+ 59. Kc3 Qd6 60. Kc4 Qc6+ 61. Qc5 Qa4+ 62. Kc3 Qa1+ 63. Kb4 Qe1+ 64. Kb5 Qe2+ 65. Kc6 Qf3+ 66. Qd5 Qf6+ 67. Kc7 Qe7+ 68. Qd7 Qe5+ 69. Kb7 Qe4+ 70. Ka7 Qc4 71. b7 Qc5+ 72. Ka6 Qa3+ 73. Kb6 Qb4+ 74. Kc7 Qc5+ 75. Qc6 Qe7+ 76. Kc8 Qf8+ 77. Kd7 Qb4 78. Qc7 Qg4+ 79. Ke8 Qe6+ 80. Kf8 1-0

[Event "Charlotte Spring IM-C 2024"]
[Site "Charlotte"]
[Date "2024.03.28"]
[Round "1.5"]
[White "Komarov, Dimitri"]
[Black "Posthuma, Joshua"]
[Result "1/2-1/2"]
[ECO "E90"]
[WhiteElo "2448"]
[BlackElo "2449"]
[Annotator "TA"]
[PlyCount "62"]
[EventDate "2024.03.27"]
[EventType "tourn"]
[EventCountry "USA"]
[SourceTitle "playchess.com"]
[Source "ChessBase"]
[SourceQuality "1"]
[TimeControl "5400+30"]

1. d4 Nf6 2. Nf3 g6 3. c4 Bg7 4. Nc3 d6 5. e4 Bg4 6. Be2 Bxf3 7. Bxf3 {[%emt 0:01:06] [#] e5 would now be deadly.} e5 8. d5 h5 9. O-O Nbd7 {[%emt 0:01:03] White is slightly better.} 10. Rb1 Bh6 11. Bxh6 Rxh6 12. Qd2 Rh8 13. b4 Kf8 14. Rfc1 Kg7 15. Na4 a5 $1 {[%emt 0:09:46] The position is equal.} 16. bxa5 b6 17. Rb5 (17. c5 Rxa5 18. Nc3 Nxc5 $17 (18... bxc5 19. a4 $17)) 17... Ra6 18. Nc3 bxa5 19. Na4 Nb6 20. Nb2 (20. Rxa5 Nxe4 21. Bxe4 Rxa5 22. Qxa5 Qg5 $17) 20... Nfd7 21. Nd3 ({Don't play} 21. Rxa5 Rxa5 22. Qxa5 Qg5 $15 (22... Qa8 23. Qxa8 Rxa8 24. a4 $15)) 21... Na4 22. Rxa5 Qa8 23. Rxa6 Qxa6 24. Nb4 Qa5 25. a3 Nac5 26. Rc3 {[%emt 0:01:35] Wards off Nb3} Nf6 {[%emt 0:01:43] Excellent horsemanship.} 27. Qe3 Ra8 28. h3 h4 29. Kh2 Qb6 30. Qe2 Ra4 31. Re3 Ra8 {[%emt 0:03:46] Weighted Error Value: White=0.03 (flawless) /Black=0.02 (flawless) .  Inaccurate:     	White=1     	---        OK:         	White=11    	Black=14     Best:        	White=1     	Black=1      Strong:       	---       	Black=1} 1/2-1/2

[Event "Charlotte Spring IM-C 2024"]
[Site "Charlotte"]
[Date "2024.03.28"]
[Round "2.1"]
[White "Eckert, Doug"]
[Black "Posthuma, Joshua"]
[Result "1/2-1/2"]
[ECO "A14"]
[WhiteElo "2146"]
[BlackElo "2449"]
[Annotator "TA"]
[PlyCount "100"]
[EventDate "2024.03.27"]
[EventType "tourn"]
[EventCountry "USA"]
[SourceTitle "playchess.com"]
[Source "ChessBase"]
[SourceQuality "1"]
[TimeControl "5400+30"]

1. c4 Nf6 2. Nf3 e6 3. g3 d5 4. Bg2 Be7 5. O-O O-O 6. b3 d4 7. e3 c5 8. Ne5 {[%emt 0:01:24] Prevents Nc6.} Qc7 9. f4 Nfd7 10. exd4 cxd4 11. Nxd7 Bxd7 12. d3 Nc6 13. Na3 f5 (13... Nb4 $11) 14. Nc2 Rae8 15. Rb1 e5 16. b4 b6 17. b5 Nd8 18. fxe5 Qxe5 19. Nb4 ({Better is} 19. Bf4 $16 Qf6 20. Nb4) 19... Bxb4 $14 20. Rxb4 Ne6 21. Rb2 Nc5 22. Rbf2 h6 23. Bf3 Kh7 24. Re2 Qf6 25. Rfe1 Rxe2 26. Rxe2 Re8 (26... f4 $1 $15 27. g4 (27. Bxf4 $2 g5 $19) 27... Bxg4 28. Bxg4 f3) 27. Ba3 (27. Rxe8 $14 Bxe8 28. Qe2) 27... Re3 $11 28. Rxe3 dxe3 29. d4 (29. Bxc5 $11 bxc5 30. Qe2) 29... Ne4 (29... Ne6 $1 $17 {[%cal Re6g5] ...Ng5! would now be deadly.} 30. Bc1 Nxd4 (30... Qxd4 31. Qe2 $15) 31. Bxe3 Nxf3+ 32. Qxf3 Qa1+ 33. Kf2 Be6 (33... Qxa2+ 34. Qe2 $17)) 30. Qd3 $36 {[%emt 0:01:58][%csl LRe3,LRe4][%mdl 2048] White has good play.} Nd2 31. Kg2 Qg5 $2 (31... Kh8 $11 32. Bb4 Nxf3 33. Kxf3 f4 34. gxf4 Qe6) 32. Bd5 $2 (32. Be2 $1 $18) 32... Qh5 (32... Ne4 $1 $11 {remains equal.}) 33. Qxe3 $16 Qxh2+ {[%emt 0:00:12] Black is weak on the dark squares} 34. Kxh2 Nf1+ 35. Kg1 Nxe3 {[%emt 0:00:03][%mdl 4096] Endgame. KBB-KBN} 36. Bf7 g5 {[%emt 0:00:51] [#]} 37. Kf2 (37. Bf8 $142 $1) 37... Ng4+ ({Black should try} 37... Kg7 38. Kxe3 Kxf7) 38. Ke2 Nf6 {[%emt 0:00:24] [#]} 39. Be7 (39. Bf8 $1 $16) 39... Kg7 $11 {[%emt 0:01:41] The position is equal.} 40. Bxf6+ Kxf6 {[%emt 0:00:09] KB-KB} 41. Bd5 Ke7 42. a4 Kd6 43. Ke3 Bc8 44. Kf3 a6 45. Ke3 axb5 46. axb5 Bd7 47. Bf7 Ke7 48. Bd5 Kd6 49. Bf7 Bc8 50. Bd5 Bd7 {[%emt 0:00:19] Weighted Error Value: White=0.24 (precise) /Black=0.27 (precise) .  Loses game:     	---       	Black=1      Missed win:     	White=1     	---        Mistake:       	White=5     	Black=5      Inaccurate:     	White=1     	Black=1      OK:         	White=13    	Black=16     Best:        	White=4     	Black=5} 1/2-1/2

[Event "Charlotte Spring IM-C 2024"]
[Site "Charlotte"]
[Date "2024.03.28"]
[Round "2.2"]
[White "Fierro Baquero, Martha L."]
[Black "Komarov, Dimitri"]
[Result "1/2-1/2"]
[ECO "A09"]
[WhiteElo "2283"]
[BlackElo "2448"]
[Annotator "TA"]
[PlyCount "42"]
[EventDate "2024.03.27"]
[EventType "tourn"]
[EventCountry "USA"]
[SourceTitle "playchess.com"]
[Source "ChessBase"]
[SourceQuality "1"]
[TimeControl "5400+30"]

1. g3 d5 2. Bg2 e5 3. c4 d4 4. d3 Nc6 5. Nf3 Bb4+ 6. Nfd2 Be7 7. O-O Nf6 8. Na3 {[%emt 0:01:42] Black has an edge.} O-O 9. Nc2 Re8 10. Rb1 a5 11. b3 Bf5 12. a3 Qd7 13. b4 Bh3 14. b5 Bxg2 15. Kxg2 Nd8 16. Nf3 Bc5 17. e3 dxe3 18. Bxe3 Bxe3 19. Nxe3 Qd6 20. Qb3 Nd7 21. Qc3 $1 Ne6 {[%emt 0:05:49] Weighted Error Value: White=0.04 (flawless) /Black=0.04 (flawless) .  Inaccurate:     	---       	Black=1      OK:         	White=6     	Black=8      Best:        	White=1     	---        Strong:       	White=1     	---} 1/2-1/2

[Event "Charlotte Spring IM-C 2024"]
[Site "Charlotte"]
[Date "2024.03.28"]
[Round "2.3"]
[White "Mendez Tovar, Yessica Yissel"]
[Black "Melillo, Lucius"]
[Result "0-1"]
[ECO "B35"]
[WhiteElo "1993"]
[BlackElo "2274"]
[Annotator "RC"]
[PlyCount "86"]
[EventDate "2024.03.27"]
[EventType "tourn"]
[EventCountry "USA"]
[SourceTitle "playchess.com"]
[Source "ChessBase"]
[SourceQuality "1"]
[TimeControl "5400+30"]

1. e4 c5 2. Nc3 Nc6 3. Nf3 g6 4. d4 cxd4 5. Nxd4 Bg7 6. Be3 Nf6 7. Bc4 O-O 8. Bb3 a5 9. f3 d6 10. O-O Bd7 11. Qd2 a4 12. Nxc6 Bxc6 13. Bd5 a3 14. b3 Rc8 15. Bxc6 Rxc6 16. Nb5 d5 17. Rad1 e6 18. c4 Qe7 19. e5 Nd7 20. cxd5 exd5 21. f4 Nb6 22. Bxb6 Rxb6 23. Qxd5 Rc8 24. Nd6 Rc2 25. Rd2 Rbc6 26. Nc4 Rxd2 27. Qxd2 Bf8 28. Rd1 b5 29. Nd6 Qc7 30. Ne8 Qa7+ 31. Kh1 Be7 32. h3 Kf8 33. Qd5 Rc5 34. Qd4 Kxe8 35. e6 fxe6 36. b4 Rc7 37. Qg7 Bf8 38. Qf6 Re7 39. Qc3 Qc7 40. Qxa3 Bg7 41. Qa8+ Kf7 42. Rd3 Qc1+ 43. Kh2 Qxf4+ 0-1

[Event "Charlotte Spring IM-C 2024"]
[Site "Charlotte"]
[Date "2024.03.28"]
[Round "2.4"]
[White "Horobetz, Graham"]
[Black "Wu, Sibo"]
[Result "1-0"]
[ECO "B33"]
[WhiteElo "2252"]
[BlackElo "2142"]
[Annotator "RC"]
[PlyCount "95"]
[EventDate "2024.03.27"]
[EventType "tourn"]
[EventCountry "USA"]
[SourceTitle "playchess.com"]
[Source "ChessBase"]
[SourceQuality "1"]
[TimeControl "5400+30"]

1. e4 c5 2. Nf3 Nc6 3. d4 cxd4 4. Nxd4 Nf6 5. Nc3 e5 6. Ndb5 d6 7. Nd5 Nxd5 8. exd5 Nb8 9. a4 Be7 10. Be2 O-O 11. Bd2 f5 12. a5 Nd7 13. O-O Nf6 14. c4 f4 15. Qc2 Bd7 16. Nc3 Kh8 17. f3 Qe8 18. Bd3 Qh5 19. Be1 Rg8 20. g4 fxg3 21. hxg3 Raf8 22. Rf2 Qf7 23. Rh2 g6 24. g4 Ne8 25. Be4 Bxg4 26. Bd2 Bh5 27. Bh6 Ng7 28. Rf1 Qf6 29. Rg2 Qh4 30. Ne2 Rf7 31. Ng3 Nf5 32. Bxf5 gxf5 33. Nxf5 Rxg2+ 34. Qxg2 Qf6 35. Nxe7 Qxe7 36. Bg5 Qf8 37. Qh3 Rxf3 38. Rxf3 Qxf3 39. Qxf3 Bxf3 40. Kf2 Bg4 41. a6 b6 42. b4 Bd7 43. b5 Bf5 44. Ke3 Bh3 45. Kd3 Bf1+ 46. Kc3 h5 47. Be3 h4 48. Bxb6 1-0

[Event "Charlotte Spring IM-C 2024"]
[Site "Charlotte"]
[Date "2024.03.28"]
[Round "2.5"]
[White "Kunka, Harshid"]
[Black "Nguyen, James Le"]
[Result "1-0"]
[ECO "C87"]
[WhiteElo "2294"]
[BlackElo "2114"]
[Annotator "RC"]
[PlyCount "105"]
[EventDate "2024.03.27"]
[EventType "tourn"]
[EventCountry "USA"]
[SourceTitle "playchess.com"]
[Source "ChessBase"]
[SourceQuality "1"]
[TimeControl "5400+30"]

1. e4 e5 2. Nf3 Nc6 3. Bb5 a6 4. Ba4 Nf6 5. O-O Be7 6. Re1 d6 7. Bxc6+ bxc6 8. d4 exd4 9. Nxd4 Bd7 10. c4 O-O 11. Nc3 Re8 12. Bf4 h6 13. h3 Bf8 14. Bh2 c5 15. Nf3 Bc6 16. Qc2 Rb8 17. Rad1 Rb4 18. Nd2 Qb8 19. b3 Qa8 20. Nd5 Nxd5 21. cxd5 Bd7 22. Nc4 a5 23. e5 a4 24. Re3 Qa6 25. Rde1 dxe5 26. Nxe5 axb3 27. axb3 Qb5 28. Nxd7 Rxe3 29. Nf6+ gxf6 30. fxe3 Rxb3 31. Bxc7 Qd3 32. Qxd3 Rxd3 33. e4 c4 34. Rc1 Bc5+ 35. Kf1 c3 36. Bf4 Be3 37. Bxe3 Rxe3 38. Kf2 Rxe4 39. Rxc3 Rd4 40. Rc8+ Kg7 41. Rd8 Kg6 42. Ke3 Rd1 43. Ke4 Re1+ 44. Kd4 Rd1+ 45. Kc5 f5 46. Kc6 Kf6 47. d6 Rc1+ 48. Kd7 Rd1 49. Rg8 Rd2 50. Kc7 Rc2+ 51. Kd8 Ke6 52. d7 Ra2 53. Ke8 1-0

[Event "Charlotte Spring IM-C 2024"]
[Site "Charlotte"]
[Date "2024.03.29"]
[Round "3.1"]
[White "Nguyen, James Le"]
[Black "Eckert, Doug"]
[Result "1-0"]
[ECO "C78"]
[WhiteElo "2114"]
[BlackElo "2146"]
[Annotator "RC"]
[PlyCount "137"]
[EventDate "2024.03.27"]
[EventType "tourn"]
[EventCountry "USA"]
[SourceTitle "playchess.com"]
[Source "ChessBase"]
[SourceQuality "1"]
[TimeControl "5400+30"]

1. e4 e5 2. Nf3 Nc6 3. Bb5 a6 4. Ba4 Nf6 5. O-O Bc5 6. c3 b5 7. Bb3 d6 8. a4 Ba7 9. h3 O-O 10. d4 h6 11. Be3 exd4 12. cxd4 bxa4 13. Bxa4 Nb4 14. Bd2 Rb8 15. Nc3 c5 16. Bf4 Bb7 17. d5 c4 18. Qd2 Nd3 19. Bc2 Nxf4 20. Qxf4 Bc5 21. Nd2 Rc8 22. Nxc4 Bxf2+ 23. Rxf2 Rxc4 24. Bd3 Rc8 25. Raf1 Qe7 26. Ne2 Nd7 27. Ng3 Ne5 28. Bb1 Rc4 29. Nf5 Qf6 30. Qd2 Rc5 31. Nd4 Qg5 32. Qxg5 hxg5 33. Ne6 Rfc8 34. Nxc5 Rxc5 35. Rc2 Rb5 36. Ba2 Rb4 37. Re1 a5 38. Re3 a4 39. Ra3 Ba6 40. b3 Rxe4 41. Rxa4 Re1+ 42. Kh2 Bd3 43. Rb2 f5 44. b4 f4 45. b5 f3 46. gxf3 Nxf3+ 47. Kg3 Nh4 48. Rab4 Rg1+ 49. Kf2 Rg2+ 50. Ke3 Rg3+ 51. Kd2 Bf5 52. b6 Rg2+ 53. Kc3 Rg3+ 54. Kd4 Nf3+ 55. Kc4 Ne5+ 56. Kb5 Ra3 57. b7 Nd7 58. Kc6 Nb8+ 59. Kxd6 Kf7 60. Kc7 Na6+ 61. Kb6 Nb8 62. d6+ Ke8 63. Bc4 Kd8 64. Bb5 Rxh3 65. Re2 Bd7 66. Re7 Bxb5 67. Rxb5 Rd3 68. Rxg7 Rxd6+ 69. Ka7 1-0

[Event "Charlotte Spring IM-C 2024"]
[Site "Charlotte"]
[Date "2024.03.29"]
[Round "3.2"]
[White "Wu, Sibo"]
[Black "Kunka, Harshid"]
[Result "0-1"]
[ECO "D00"]
[WhiteElo "2142"]
[BlackElo "2294"]
[Annotator "RC"]
[PlyCount "70"]
[EventDate "2024.03.27"]
[EventType "tourn"]
[EventCountry "USA"]
[SourceTitle "playchess.com"]
[Source "ChessBase"]
[SourceQuality "1"]
[TimeControl "5400+30"]

1. d4 d5 2. Bf4 Nf6 3. e3 c5 4. Nd2 Nc6 5. c3 Bf5 6. Qb3 Qc8 7. Ngf3 c4 8. Qd1 Nh5 9. Nh4 Nxf4 10. exf4 Bd7 11. g3 e6 12. Bg2 Be7 13. Nhf3 b5 14. O-O O-O 15. h4 b4 16. Ne5 Nxe5 17. fxe5 bxc3 18. bxc3 Rb8 19. a4 Qc7 20. Qc2 Qa5 21. h5 h6 22. f4 Rb6 23. Rfb1 Rfb8 24. Rxb6 axb6 25. Ra2 Ra8 26. g4 Bxa4 27. Qc1 b5 28. Nf3 b4 29. f5 b3 30. Ra1 Qd8 31. f6 gxf6 32. Qxh6 fxe5 33. dxe5 b2 34. Rb1 Qb6+ 35. Kh2 Bc2 0-1

[Event "Charlotte Spring IM-C 2024"]
[Site "Charlotte"]
[Date "2024.03.29"]
[Round "3.3"]
[White "Melillo, Lucius"]
[Black "Horobetz, Graham"]
[Result "1-0"]
[ECO "B90"]
[WhiteElo "2274"]
[BlackElo "2252"]
[Annotator "RC"]
[PlyCount "73"]
[EventDate "2024.03.27"]
[EventType "tourn"]
[EventCountry "USA"]
[SourceTitle "playchess.com"]
[Source "ChessBase"]
[SourceQuality "1"]
[TimeControl "5400+30"]

1. e4 c5 2. Nf3 d6 3. d4 cxd4 4. Nxd4 Nf6 5. Nc3 a6 6. Rg1 e5 7. Nb3 h5 8. Bg5 Be6 9. Qd2 Nbd7 10. O-O-O Rc8 11. f4 Qc7 12. Bd3 Be7 13. h3 b5 14. Kb1 Nb6 15. f5 Bd7 16. g4 Bc6 17. Bxf6 gxf6 18. Rdf1 b4 19. Nd5 Nxd5 20. exd5 Bxd5 21. Bxa6 Bb7 22. Bb5+ Bc6 23. Qxb4 hxg4 24. hxg4 Kf8 25. Bxc6 Qxc6 26. Qd2 Ke8 27. c3 Qa6 28. Qd5 Rg8 29. Rd1 Rc4 30. Nd2 Rcxg4 31. Rxg4 Rxg4 32. Ne4 Rf4 33. c4 Kf8 34. Rh1 Rxf5 35. Ng3 Rg5 36. Rh8+ Rg8 37. Qh1 1-0

[Event "Charlotte Spring IM-C 2024"]
[Site "Charlotte"]
[Date "2024.03.28"]
[Round "3.4"]
[White "Komarov, Dimitri"]
[Black "Mendez Tovar, Yessica Yissel"]
[Result "1-0"]
[ECO "D25"]
[WhiteElo "2448"]
[BlackElo "1993"]
[Annotator "TA"]
[PlyCount "29"]
[EventDate "2024.03.27"]
[EventType "tourn"]
[EventCountry "USA"]
[SourceTitle "playchess.com"]
[Source "ChessBase"]
[SourceQuality "1"]
[TimeControl "5400+30"]

1. d4 d5 2. Nf3 Nf6 3. c4 dxc4 4. e3 Nc6 5. Bxc4 e5 {[%emt 0:23:47] [#]} 6. Qb3 $1 ({Of course not} 6. dxe5 Qxd1+ 7. Kxd1 Ng4 $15) ({Not} 6. Nxe5 Nxe5 7. dxe5 Qxd1+ 8. Kxd1 Ng4 $15) 6... Bb4+ 7. Bd2 Bxd2+ 8. Nbxd2 {[%emt 0:00:18] White is better.} O-O 9. dxe5 {[%emt 0:05:19] White is more active.} Ng4 10. e6 {[%emt 0:00:18] White is clearly better.} fxe6 11. Bxe6+ Kh8 12. Bxg4 Bxg4 13. Qxb7 Qd6 (13... Rf6 $16 {is a better defense.}) 14. Rc1 $18 Nb4 {[%emt 0:06:07] [#] White must now prevent ...Nd3+.} 15. O-O {[%emt 0:59:10] Weighted Error Value: White=0.02 (flawless) /Black=0.21 (precise) .  Mistake:       	---       	Black=1      Inaccurate:     	---       	Black=1      OK:         	White=3     	Black=2      Best:        	White=2     	Black=1} ({Weaker is} 15. Qxc7 Nd3+ 16. Kf1 Qf6 $11) 1-0

[Event "Charlotte Spring IM-C 2024"]
[Site "Charlotte"]
[Date "2024.03.29"]
[Round "3.5"]
[White "Posthuma, Joshua"]
[Black "Fierro Baquero, Martha L."]
[Result "1-0"]
[ECO "B27"]
[WhiteElo "2449"]
[BlackElo "2283"]
[Annotator "TA"]
[PlyCount "61"]
[EventDate "2024.03.27"]
[EventType "tourn"]
[EventCountry "USA"]
[SourceTitle "playchess.com"]
[Source "ChessBase"]
[SourceQuality "1"]
[TimeControl "5400+30"]

1. d4 g6 2. e4 Bg7 3. Nc3 c5 4. dxc5 Qa5 5. Bd2 Qxc5 6. Nf3 Nf6 7. Bd3 O-O 8. O-O d6 9. h3 Be6 {[%emt 0:04:05] The position is equal.} 10. Re1 Nbd7 11. Be3 Qa5 12. Nd4 Ne5 13. Nxe6 fxe6 14. Ne2 d5 15. exd5 Nxd5 16. Bd4 Rad8 17. c3 Nxd3 18. Qxd3 e5 19. Be3 Nxe3 20. Qxe3 Qb5 21. Ng3 Qxb2 22. Rab1 Qxa2 {[%emt 0:05:24][%cal Og7h6] [#] White must now prevent ...Bh6!} 23. Rxb7 a5 24. Rxe7 Rf7 25. Qa7 {[%emt 0:03:31] next Rxf7 is good for White.} (25. Rxf7 {simplifies} Qxf7 26. Ra1 Qd5 27. c4) 25... Rdf8 {[%emt 0:02:13][%cal Of7e7] And now ...Rxe7! would win.} 26. Ne4 a4 27. Rd1 Bh6 (27... Rxe7 $11 28. Qxe7 Qc2) 28. Rxf7 Rxf7 29. Qb8+ Rf8 $2 {[%emt 0:02:17][%mdl 8192] [#]} (29... Bf8 $1 $14) 30. Nf6+ $18 ({Not} 30. Qxe5 Bg7 31. Qc7 Qe6 $11) 30... Kg7 31. Qxe5 {[%emt 0:01:12] Weighted Error Value: White=0.08 (flawless) /Black=0.38.  Loses game:     	---       	Black=1      Mistake:       	---       	Black=1      Inaccurate:     	White=2     	Black=2      OK:         	White=10    	Black=7      Best:        	White=2     	Black=1} 1-0

[Event "Charlotte Spring IM-C 2024"]
[Site "Charlotte"]
[Date "2024.03.29"]
[Round "4.1"]
[White "Eckert, Doug"]
[Black "Fierro Baquero, Martha L."]
[Result "1/2-1/2"]
[ECO "B15"]
[WhiteElo "2146"]
[BlackElo "2283"]
[Annotator "RC"]
[PlyCount "68"]
[EventDate "2024.03.27"]
[EventType "tourn"]
[EventCountry "USA"]
[SourceTitle "playchess.com"]
[Source "ChessBase"]
[SourceQuality "1"]
[TimeControl "5400+30"]

1. d4 g6 2. e4 Bg7 3. Nc3 c6 4. Be3 d5 5. e5 f6 6. f4 Nh6 7. Nf3 Bg4 8. h3 Bxf3 9. Qxf3 O-O 10. Qe2 Nf5 11. Bf2 fxe5 12. fxe5 e6 13. g4 Nh4 14. O-O-O a6 15. Rd3 c5 16. dxc5 Nc6 17. Bg3 Qg5+ 18. Qd2 Qxd2+ 19. Rxd2 Nf3 20. Rd1 Bh6+ 21. Kb1 Nd2+ 22. Ka1 Nb4 23. a3 Nxc2+ 24. Ka2 Ne3 25. Rxd2 Nxf1 26. Rg2 Nxg3 27. Rxg3 Rf2 28. Na4 Rd8 29. Rb3 Rd7 30. Rd1 Re2 31. Rd4 Re4 32. Rxe4 dxe4 33. c6 bxc6 34. Nc5 Re7 1/2-1/2